 Dungeon Sprint DCSS version 0.21.1-1-g345015fe64 (webtiles) character file.

23070 Groucho the Eviscerator (level 12, -2/67 HPs)
             Began as a Felid Monk on Apr 15, 2018.
             Was a High Priest of Wu Jian.
             Slain by a shambling mangrove (36 damage)
             ... in the Dungeon (Sprint IX: "|||||||||||||||||||||||||||||").
             The game lasted 00:13:38 (5198 turns).

Groucho the Eviscerator (Felid Monk)                Turns: 5198, Time: 00:13:38

Health: -2/67      AC:  3    Str: 14    XL:     12   Next: 68%
Magic:  13/13      EV: 24    Int: 12    God:    Wu Jian [*****.]
Gold:   346        SH:  0    Dex: 19    Spells: 11/11 levels left
                                        Lives:  0   Deaths: 3

rFire    . . .     SeeInvis +     - Unarmed
rCold    + . .     Gourm    .   (shield unavailable)
rNeg     . . .     Faith    +   (armour unavailable)
rPois    +         Spirit   .   (helmet unavailable)
rElec    .         Reflect  .   (cloak unavailable)
rCorr    .         Harm     .   (gloves unavailable)
MR       +....     NoTele   +   (boots unavailable)
Stlth    +++.......             v - amulet of faith
HPRegen  0.21/turn              o - ring of poison resistance
MPRegen  0.13/turn              p - +3 ring of strength

@: exhausted, grasped by roots, glowing, heavenly storm, slow
A: very small, no armour, no weapons or thrown items, stealth, claws 1, fangs 3,
see invisible, carnivore, speed 1, shaggy fur 3, slow metabolism 1, sharp paws
a: Wall Jump, Serpent's Lash, Heavenly Storm, Renounce Religion


You were in the Dungeon.
You worshipped Wu Jian.
Wu Jian was extremely pleased with you.
You were not hungry.

You visited 1 branch You collected 1912 gold pieces.
You spent 1566 gold pieces at shops.

Inventory:

Jewellery
 k - a +2 ring of protection
 l - an uncursed ring of protection from magic
 o - a ring of poison resistance (left paw)
 p - a +3 ring of strength (right paw)
 t - an uncursed ring of ice
 v - an amulet of faith (around neck)
Wands
 j - a wand of iceblast (10)
Scrolls
 g - 3 scrolls of blinking
 h - 7 scrolls of remove curse
 i - 2 scrolls of amnesia
 n - a scroll of fog
 q - a scroll of magic mapping {unknown}
 r - 2 scrolls of immolation
 u - a scroll of fear
Potions
 b - 6 potions of curing
 d - a potion of haste
 e - 4 potions of magic
 f - a potion of invisibility
 m - a potion of berserk rage
 s - 2 potions of resistance
Comestibles
 a - 12 rations


   Skills:
 + Level 16.7 Fighting
 + Level 20.7 Dodging
 + Level 17.1 Stealth
 * Level 22.1 Unarmed Combat


You had 11 spell levels left.
You didn't know any spells.

Dungeon Overview and Level Annotations

Branches:
Dungeon (1/1)

Altars:
Cheibriados
Dithmenos
Elyvilon
Fedhas
Gozag
Hepliaklqana
Kikubaaqudgha
Makhleb
Nemelex Xobeh
Okawaru
Qazlal
Ru
Sif Muna
Trog
Uskayaw
Vehumet
Wu Jian
Xom
Yredelemnul
Zin
The Shining One
Beogh
Jiyva
Lugonu

Shops:
D [=**


Innate Abilities, Weirdness & Mutations

You cannot wear armour.
You are incapable of wielding weapons or throwing items.
Your paws allow you to move quietly. (Stealth)
You have sharp claws.
You have razor-sharp teeth.
You have supernaturally acute eyesight. (SInv)
You are carnivorous and can eat meat at any time.
You cover ground quickly.
Your thick and shaggy fur keeps you warm. (AC +3, rC+)
You have a slow metabolism.
Your sharp claws are effective at attacking unaware monsters.


Message History

You mangle the five-headed hydra!! Your bite misses the five-headed hydra.
The five-headed hydra is almost dead.
The five-headed hydra closely misses you. x2
The five-headed hydra barely misses you.
The five-headed hydra completely misses you.
The five-headed hydra barely misses you.
You mangle the five-headed hydra!!
You kill the five-headed hydra!
The Council accepts your kill.
You see here a spear.
You claw the shambling mangrove!
The shambling mangrove is lightly damaged.
Roots grasp at your paws, making movement difficult.
You scratch the shambling mangrove.
The shambling mangrove is moderately damaged.
You mangle the shambling mangrove!!
The shambling mangrove is heavily damaged.
The shambling mangrove hits you!!!
Ouch! That really hurt!
You die...

♣▓▓▓▓▓▓▓▓▓▓▓▓▓▓▓▓▓▓▓▓▓▓▓▓▓▓▓▓▓▓▓▓
§§D§§§§§§)).f)ff@§§§§§§.......'..
♣▓▓▓▓▓▓▓▓▓▓▓▓▓▓▓▓▓▓▓▓▓▓▓▓▓▓▓▓▓▓▓▓
............................)....
▓▓▓▓▓▓▓▓▓▓▓▓▓▓▓▓▓▓▓▓▓▓▓▓▓▓▓▓▓▓▓▓▓
.§÷'?.?.....))[[[[[[[§§§§§)))))..
▓▓▓▓▓▓▓▓▓▓▓▓▓▓▓▓▓▓▓▓▓▓▓▓▓▓▓▓▓▓▓▓▓
...............................).
▓▓▓▓▓▓▓▓▓▓▓▓▓▓▓▓▓▓▓▓▓▓▓▓▓▓▓▓▓▓▓▓▓
)....'))))).....))'......).))))))


You could see a thorn hunter and a shambling mangrove.

Vanquished Creatures
  Rupert (D)
  A frost giant (D)
  2 ghost moths (D)
  A stone giant (D)
  Josephine (D)
  2 hydras (D)
  A merfolk aquamancer (D)
  An alligator (D)
  A centaur warrior (D)
  A deep troll shaman (D)
  2 tengu warriors (D)
  An orc high priest (D)
  A hell knight (D)
  A sea snake (D)
  A glowing orange brain (D)
  A spriggan druid (D)
  3 orc knights (D)
  A wolf spider (D)
  8 orc sorcerers (D)
  A moth of wrath (D)
  A cyclops (D)
  An ugly thing (D)
  A merfolk siren (D)
  A guardian serpent (D)
  3 naga magi (D)
  4 black mambas (D)
  A water nymph (D)
  A spiny frog (D)
  A rime drake (D)
  2 demonic crawlers (D)
  4 merfolk (D)
  4 polar bears (D)
  A troll (D)
  2 jumping spiders (D)
  A komodo dragon (D)
  A slime creature (D)
  A snapping turtle (D)
  2 tarantellas (D)
  A hippogriff (D)
  5 wraiths (D)
  2 yaks (D)
  2 nagas (D)
  2 water moccasins (D)
  2 porcupines (D)
  10 orc warriors (D)
  5 black bears (D)
  A phantom (D)
  2 ogres (D)
  3 crocodiles (D)
  4 bullfrogs (D)
  2 scorpions (D)
  2 crimson imps (D)
  A hound (D)
  A jelly (D)
  2 orc priests (D)
  11 orc wizards (D)
  A worker ant (D)
  An adder (D)
  An adder zombie (D)
  An adder skeleton (D)
  6 orcs (D)
  2 giant cockroaches (D)
  A goblin (D)
  2 kobolds (D)
  A leopard gecko zombie (D)
  A rat (D)
139 creatures vanquished.

Notes
Turn   | Place    | Note
-------+----------+-------------------------------------------
     0 | D        | Groucho the Felid Monk began the quest for the Orb.
     0 | D        | Reached XP level 1. HP: 10/10 MP: 2/2
   338 | D        | Noticed a crimson imp
   338 | D        | Noticed an ogre
   338 | D        | Noticed an ogre
   342 | D        | Killed an ogre
   342 | D        | Reached skill level 5 in Fighting
   342 | D        | Reached skill level 6 in Unarmed Combat
   342 | D        | Reached XP level 2. HP: 16/16 MP: 3/3
   342 | D        | Reached XP level 3. HP: 19/19 MP: 4/4
   342 | D        | Reached XP level 4. HP: 23/23 MP: 5/5
   349 | D        | Killed an ogre
   349 | D        | Reached skill level 8 in Unarmed Combat
   349 | D        | Reached XP level 5. HP: 27/27 MP: 6/6
   583 | D        | Found a roughly hewn altar of Beogh.
   583 | D        | Found a snail-covered altar of Cheibriados.
   583 | D        | Found a shadowy altar of Dithmenos.
   583 | D        | Found a white marble altar of Elyvilon.
   583 | D        | Found a blossoming altar of Fedhas.
   583 | D        | Found an opulent altar of Gozag.
   584 | D        | Found a hazy altar of Hepliaklqana.
   585 | D        | Found a viscous altar of Jiyva.
   586 | D        | Found an ancient bone altar of Kikubaaqudgha.
   587 | D        | Found a corrupted altar of Lugonu.
   588 | D        | Found a burning altar of Makhleb.
   589 | D        | Found a sparkling altar of Nemelex Xobeh.
   590 | D        | Found an iron altar of Okawaru.
   591 | D        | Found a stormy altar of Qazlal.
   592 | D        | Found a sacrificial altar of Ru.
   593 | D        | Found a deep blue altar of Sif Muna.
   594 | D        | Found a bloodstained altar of Trog.
   595 | D        | Found a hide-covered altar of Uskayaw.
   596 | D        | Found a radiant altar of Vehumet.
   597 | D        | Found an ornate altar of the Wu Jian Council.
   598 | D        | Found a shimmering altar of Xom.
   599 | D        | Found a basalt altar of Yredelemnul.
   600 | D        | Found a glowing silver altar of Zin.
   601 | D        | Found a glowing golden altar of the Shining One.
   605 | D        | Became a worshipper of the Wu Jian Council
   605 | D        | Reached * piety under Wu Jian
   605 | D        | Reached ** piety under Wu Jian
   650 | D        | Noticed a phantom
   651 | D        | Reached skill level 9 in Unarmed Combat
   666 | D        | Gained mutation: You are covered in thick fur. (AC +2) [Felid growth]
   666 | D        | Reached XP level 6. HP: 28/31 MP: 7/7
   677 | D        | Reached *** piety under Wu Jian
   686 | D        | Reached skill level 10 in Unarmed Combat
   691 | D        | Reached skill level 10 in Dodging
   988 | D        | Noticed a centaur warrior
   988 | D        | Noticed a yak
   992 | D        | Reached **** piety under Wu Jian
  1002 | D        | Killed a yak
  1002 | D        | Reached skill level 11 in Unarmed Combat
  1002 | D        | Reached XP level 7. HP: 37/37 MP: 8/8
  1007 | D        | Killed a centaur warrior
  1007 | D        | Reached skill level 12 in Unarmed Combat
  1007 | D        | Reached XP level 8. HP: 43/43 MP: 9/9
  1014 | D        | Reached skill level 13 in Unarmed Combat
  1120 | D        | Noticed a black mamba
  1121 | D        | Reached ***** piety under Wu Jian
  1123 | D        | Reached skill level 10 in Fighting
  1146 | D        | Killed a black mamba
  1146 | D        | Reached skill level 14 in Unarmed Combat
  1151 | D        | Reached XP level 9. HP: 24/47 MP: 10/10
  1490 | D        | Noticed a polar bear
  1490 | D        | Noticed a six-headed hydra
  1490 | D        | Noticed a spiny frog
  1490 | D        | Noticed a rime drake
  1490 | D        | Noticed a komodo dragon
  1491 | D        | Killed a komodo dragon
  1498 | D        | Killed a rime drake
  1503 | D        | Killed a six-headed hydra
  1503 | D        | Reached ****** piety under Wu Jian
  1503 | D        | Reached skill level 15 in Unarmed Combat
  1517 | D        | Killed a spiny frog
  1521 | D        | Killed a polar bear
  1521 | D        | Reached skill level 15 in Dodging
  1521 | D        | Reached skill level 16 in Unarmed Combat
  1521 | D        | Reached XP level 10. HP: 41/53 MP: 11/11
  1951 | D        | Reached skill level 5 in Stealth
  2145 | D        | Noticed an orc high priest
  2145 | D        | Noticed an orc knight
  2145 | D        | Noticed an orc knight
  2147 | D        | Killed an orc knight
  2147 | D        | Reached skill level 17 in Unarmed Combat
  2147 | D        | Noticed an orc knight
  2148 | D        | Noticed an orc sorcerer
  2151 | D        | Mangled by an orc knight
  2152 | D        | Reached XP level 9. HP: -6/50 MP: 10/10
  2224 | D        | Found Nugydgh's Antique Armour Shop.
  2224 | D        | Noticed an orc sorcerer
  2225 | D        | Noticed an orc sorcerer
  2226 | D        | Found Kelior's Jewellery Boutique.
  2232 | D        | Noticed a soul eater
  2232 | D        | Killed an orc sorcerer
  2242 | D        | Killed from afar by an orc sorcerer
  2243 | D        | Reached XP level 8. HP: -10/47 MP: 9/9
  2251 | D        | Killed an orc sorcerer
  2251 | D        | Reached XP level 9. HP: 51/51 MP: 10/10
  2255 | D        | Noticed an orc sorcerer
  2258 | D        | Found Cuvyonn's General Store.
  2260 | D        | Noticed an orc sorcerer
  2260 | D        | Found Aresayl's Assorted Antiques.
  2263 | D        | Killed an orc sorcerer
  2265 | D        | Noticed an orc sorcerer
  2267 | D        | Noticed a soul eater
  2269 | D        | Noticed an orc sorcerer
  2271 | D        | Noticed a red devil
  2276 | D        | Killed an orc sorcerer
  2277 | D        | Noticed an orc sorcerer
  2285 | D        | Noticed a sixfirhy
  2296 | D        | Killed an orc sorcerer
  2297 | D        | Killed an orc sorcerer
  2297 | D        | Reached XP level 10. HP: 32/55 MP: 11/11
  2298 | D        | Killed an orc sorcerer
  2298 | D        | Reached skill level 18 in Unarmed Combat
  2320 | D        | Killed an orc sorcerer
  2320 | D        | Reached skill level 10 in Stealth
  2338 | D        | Killed an orc knight
  2357 | D        | Killed an orc high priest
  2424 | D        | Bought an uncursed ring of poison resistance for 280 gold pieces
  2424 | D        | Bought a +3 ring of strength for 219 gold pieces
  2436 | D        | Bought a scroll of blinking for 97 gold pieces
  2438 | D        | Bought a scroll labeled FOTAMU BOWI for 21 gold pieces
  2438 | D        | Bought a scroll labeled WAEFOR SUFIFA for 21 gold pieces
  2438 | D        | Bought a scroll of remove curse for 63 gold pieces
  2440 | D        | Bought a potion of resistance for 130 gold pieces
  2440 | D        | Bought a scroll of remove curse for 39 gold pieces
  2440 | D        | Bought a scroll of immolation for 45 gold pieces
  2442 | D        | Bought a cursed ring of loudness for 63 gold pieces
  2442 | D        | Bought a cursed -3 ring of evasion for 28 gold pieces
  2442 | D        | Bought an uncursed amulet of faith for 560 gold pieces
  2517 | D        | Noticed Josephine
  2531 | D        | Killed Josephine
  2614 | D        | Noticed a tengu warrior
  2614 | D        | Noticed a cyclops
  2615 | D        | Reached XP level 11. HP: 60/60 MP: 12/12
  2616 | D        | Reached skill level 19 in Unarmed Combat
  2617 | D        | Noticed a deep troll shaman
  2620 | D        | Noticed a brown ugly thing
  2626 | D        | Noticed a hell knight
  2626 | D        | Killed a tengu warrior
  2630 | D        | Noticed a stone giant
  2641 | D        | Noticed a tengu warrior
  2645 | D        | Killed a deep troll shaman
  2650 | D        | Killed a brown ugly thing
  2651 | D        | Noticed a frost giant
  2651 | D        | Demolished by a stone giant
  2652 | D        | Reached XP level 10. HP: -14/57 MP: 11/11
  2792 | D        | Killed an orc knight
  2901 | D        | Killed a stone giant
  2922 | D        | Killed a frost giant
  2922 | D        | Reached skill level 15 in Fighting
  2922 | D        | Reached XP level 11. HP: 38/61 MP: 12/12
  2932 | D        | Killed a hell knight
  2932 | D        | Reached skill level 20 in Unarmed Combat
  2957 | D        | Killed a tengu warrior
  2969 | D        | Noticed a glowing orange brain
  2971 | D        | Killed a glowing orange brain
  3334 | D        | Noticed Rupert
  3340 | D        | Killed Rupert
  3373 | D        | Noticed a ghost moth
  3375 | D        | Killed a ghost moth
  3375 | D        | Reached skill level 15 in Stealth
  3375 | D        | Noticed a ghost moth
  3377 | D        | Noticed a wolf spider
  3392 | D        | Killed a ghost moth
  3392 | D        | Reached skill level 21 in Unarmed Combat
  3395 | D        | Killed a wolf spider
  3395 | D        | Gained mutation: Your thick and shaggy fur keeps you warm. (AC +3, rC+) [Felid growth]
  3395 | D        | Reached XP level 12. HP: 22/66 MP: 0/13
  3923 | D        | Noticed a merfolk aquamancer
  3924 | D        | Killed a merfolk aquamancer
  4822 | D        | Noticed a five-headed hydra
  4822 | D        | Noticed an alligator
  4829 | D        | Noticed a thorn hunter
  4830 | D        | Killed an alligator
  4835 | D        | Noticed a five-headed hydra
  4837 | D        | Reached skill level 22 in Unarmed Combat
  4839 | D        | HP: 1/67 [five-headed hydra (24)]
  5194 | D        | Killed a five-headed hydra
  5198 | D        | Slain by a shambling mangrove

Skill      XL: |  1  2  3  4  5  6  7  8  9 10 11 12 |
---------------+-------------------------------------+-----
Fighting       | 5 6 8 9 10 13 15 16 | 16.7
Dodging        | 6 8 9 10 12 13 15 17 19 20 | 20.7
Unarmed Combat | 6 8 9 11 12 14 16 18 21 22 | 22.1
Stealth        | 9 13 15 17 | 17.1

Action                   |  1- 3 |  4- 6 |  7- 9 | 10-12 || total
-------------------------+-------+-------+-------+-------++-------
Melee: Unarmed           |    14 |    55 |   131 |   335 ||   535
       Bite              |     1 |     2 |    18 |    33 ||    54
       Punch             |       |     3 |    19 |    34 ||    56
Invok: Lunge             |       |     6 |    15 |    47 ||    68
       Wall Jump         |       |       |     5 |       ||     5
       Heavenly Storm    |       |       |     1 |    10 ||    11
       Serpent's Lash    |       |       |       |     5 ||     5
 Abil: Wall Jump         |       |     1 |       |       ||     1
  Use: Potion            |     1 |       |     3 |     8 ||    12
       Scroll            |       |       |       |     1 ||     1
 Stab: Sleeping          |     1 |     1 |     4 |     9 ||    15
       Confused          |       |       |     1 |       ||     1
       Distracted        |       |       |       |     1 ||     1
  Eat: Chunk             |       |     6 |       |    10 ||    16
Armor: Skin              |       |     2 |     3 |     5 ||    10
Dodge: Dodged            |     8 |    36 |    79 |   241 ||   364
